 Dungeon Crawl Stone Soup version 0.31-a0-142-g31f6795574 (webtiles) character file.

Game seed: 10607684439329789493

95946 senseless the Severer (level 15, 0/147 HPs)
             Began as a Minotaur Fighter on June 3, 2023.
             Was an Elder of the Shining One.
             Slain by a bunyip (26 damage)
             ... called by a spriggan druid
             ... on level 2 of the Swamp on June 5, 2023.
             The game lasted 00:55:32 (23632 turns).

senseless the Severer (Minotaur Fighter)           Turns: 23632, Time: 00:55:34

Health: 0/147      AC: 23    Str: 28    XL:     15   Next: 67%
Magic:  18/18      EV:  8    Int:  9    God:    the Shining One [****..]
Gold:   1349       SH:  5    Dex: 10    Spells: 14/14 levels left

rFire   + . .        Y - +8 battleaxe of the Sage {flame, rF+ Will- Int+4 SInv}
rCold   . . .        (shield currently unavailable)
rNeg    + + +        V - +4 plate armour {Will+}
rPois   +            (helmet unavailable)
rElec   .            l - +0 cloak
rCorr   .            N - +0 pair of gloves
SInv    +            E - +0 pair of boots
Will    ++...        C - amulet of reflection Stlth
                     v - ring of Siudag {Wiz rPois rN+ Slay+2 Stlth+}
HPRegen 0.44/turn    P - ring of willpower
MPRegen 0.16/turn

%: reflection, wizardry (x1)
@: about to teleport, corroded, glowing
A: horns 3, retaliatory headbutt
a: Renounce Religion, Divine Shield, Cleansing Flame


You were on level 2 of the Swamp.
You worshipped the Shining One.
The Shining One was greatly pleased with you.
You visited 4 branches of the dungeon, and saw 23 of its levels.

You collected 1551 gold pieces.
You spent 202 gold pieces at shops.

Inventory:

Hand Weapons
 d - a +6 flail of protection
 R - a +1 demon whip of venom
 Y - the +8 battleaxe of the Sage (weapon) {flame, rF+ Will- Int+4 SInv}
   (You found it on level 5 of the Lair of Beasts)

   Int:       It affects your intelligence (+4).
   rF:        It protects you from fire.
   SInv:      It lets you see invisible.
   Will:      It decreases your willpower.
Armour
 c - a +3 buckler
 l - a +0 cloak (worn)
 E - a +0 pair of boots (worn)
 N - a +0 pair of gloves (worn)
 V - a +4 plate armour of willpower (worn)
Jewellery
 m - a +6 ring of strength
 n - a ring of willpower
 q - an amulet of faith
 v - the ring of Siudag (left hand) {Wiz rPois rN+ Slay+2 Stlth+}
   (You acquired it on level 6 of the Dungeon)

   [ring of wizardry]

   It improves your spell success rate.
   Slay:      It affects your accuracy & damage with ranged weapons and melee
   (+2).
   rPois:     It protects you from poison.
   rN:        It protects you from negative energy.
   Stlth:     It makes you more stealthy.
 C - an amulet of reflection (around neck)
 P - a ring of willpower (right hand)
 U - a ring of fire
 Z - a ring of poison resistance
Wands
 g - a wand of polymorph (8)
 h - a wand of mindburst (12)
 t - a wand of light (3)
 G - a wand of digging (8)
 H - a wand of charming (11)
 I - a wand of iceblast (20) (quivered)
 T - a wand of flame (31)
Scrolls
 b - 2 scrolls of butterflies
 e - a scroll of poison
 k - 5 scrolls of teleportation
 s - a scroll of silence
 u - 4 scrolls of amnesia
 z - 5 scrolls of fear
 A - 4 scrolls of fog
 B - a scroll of blinking
 L - a scroll of vulnerability
 M - a scroll of magic mapping
 O - 3 scrolls of identify
Potions
 f - 4 potions of ambrosia
 i - 10 potions of curing
 j - 2 potions of mutation
 o - 5 potions of lignification
 p - 3 potions of might
 r - 3 potions of brilliance
 w - 4 potions of cancellation
 x - a potion of magic
 D - 3 potions of haste
 K - 2 potions of attraction
 Q - 4 potions of enlightenment
 W - a potion of resistance


   Skills:
 + Level 17.1 Fighting
 + Level 20.2 Axes
 + Level 17.1 Armour
 - Level 16.1 Shields
 + Level 6.6 Invocations


You had 14 spell levels left.
You didn't know any spells.
Your spell library contained the following spells:

 Spells                   Type           Power      Damage    Failure   Level
 Beastly Appendage        Tmut           0%         N/A       61%         1
 Foxfire                  Conj/Fire      0%         2x1d4     61%         1
 Sting                    Tmut/Pois      0%         1d3       61%         1
 Poisonous Vapours        Pois/Air       0%         N/A       75%         2
 Wereblood                Tmut           0%         N/A       75%         2
 Spider Form              Tmut/Pois      0%         N/A       92%         3
 Animate Dead             Necr           0%         N/A       100%        4
 Olgreb's Toxic Radiance  Pois           0%         N/A       100%        4
 Summon Ice Beast         Ice/Summ       0%         N/A       100%        4
 Fireball                 Conj/Fire      0%         3d3       100%        5
 Summon Mana Viper        Hex/Summ       0%         N/A       100%        5
 Plasma Beam              Fire/Air       0%         2x1d10    100%        6
 Starburst                Conj/Fire      0%         6d3       100%        6
 Haunt                    Necr/Summ      0%         N/A       100%        7
 Monstrous Menagerie      Summ           0%         N/A       100%        7
 Infestation              Necr           0%         N/A       100%        8


Dungeon Overview and Level Annotations

Branches:
Dungeon (15/15)            Temple (1/1) D:6            Lair (5/5) D:11
  Swamp (2/4) Lair:2        Snake (0/4) Lair:2        Slime (0/5) Lair:4
    Orc (0/2) D:12         Vaults (0/5) D:14         Depths (0/4) D:15

Altars:
Ashenzari
Cheibriados
Dithmenos
Elyvilon
Fedhas
Gozag
Hepliaklqana
Kikubaaqudgha
Makhleb
Nemelex Xobeh
Okawaru
Qazlal
Ru
Sif Muna
Trog
Uskayaw
Vehumet
Wu Jian
Xom
Yredelemnul
Zin
The Shining One

Shops:
D:7 =   D:8 *   D:13 ?

Annotations:
D:10 3 runed translucent doors, MrClown's ghost, journeyman DsNe
D:11 Snorg


Innate Abilities, Weirdness & Mutations

You have a pair of large horns on your head.
You reflexively headbutt those who attack you in melee.


Message History

You headbutt the swamp worm!!
You kill the swamp worm!
The bunyip closely misses you. The bunyip claws you!!
* * * LOW HITPOINT WARNING * * *
The bunyip barely misses you.
A goliath frog comes into view.
You feel much better. The bunyip attacks as you move away!
The bunyip barely misses you. You furiously retaliate!
You headbutt the bunyip! The bunyip claws you.
* * * LOW HITPOINT WARNING * * *
The bunyip claws you!
* * * LOW HITPOINT WARNING * * *
Found a plate armour.
The bunyip howls a warning cry!
You hear a shout!
You see here a +0 robe.
You slash the bunyip! You burn the bunyip! You headbutt the bunyip.
The bunyip is heavily wounded.
The bunyip claws you!!
* * * LOW HITPOINT WARNING * * *
The bunyip claws you but does no damage. x2
Unknown command.
You feel much better.
The goliath frog hits you but does no damage.
The goliath frog hits you from afar.
* * * LOW HITPOINT WARNING * * *
You are splashed with acid!
* * * LOW HITPOINT WARNING * * *
As you read the scroll of teleportation, it crumbles to dust.
You feel strangely unstable.
The goliath frog hits you but does no damage.
The alligator puts on a burst of speed!
You feel much better.
The bunyip howls a warning cry!
The goliath frog hits you from afar.
* * * LOW HITPOINT WARNING * * *
The acid corrodes you!
You are splashed with acid!
* * * LOW HITPOINT WARNING * * *
You block the bunyip's attack. x2; The bunyip claws you!!
You die...

...~. ####..~...
~.[....♣..~ ....~~...~~.
..~~..~~~..
♣♣(§~~~~§~~~~~~~
♣~.~~~~~~~~~~~~~
♣@tF~~.~~~.~~~~§
#.♣♣♣x.~~......~~~. ♣#.
#.~~.♣x~~~....~~~.. ...
....~~.~†~~~~~..~~~..
~~....#...t.~~~~)~†.~~~.♣
§~~........~~~~~..).....~
.~~~.♣#.~..~~~~~.†♣♣...~~
§~~~.~~♣~..~~~~.♣♣♣ .~~
#§~~~..♣.~§~~~~.§♣ ~


You could see 2 bunyips, an alligator (swift) and a goliath frog.

Vanquished Creatures
  Jorgrun (D:15)
  3 ghouls (Swamp:1)
  An eleionoma (Swamp:2)
  2 bunyips (Swamp:1)
  4 dire elephants (Lair:5)
  An ettin (shapeshifter) (D:14)
  An entropy weaver (shapeshifter) (D:13)
  3 vault guards (D:14)
  8 hydras
  Erica (D:10)
  A two-headed ogre (D:11)
  10 death yaks
  A centaur warrior (D:15)
  2 alligators
  5 boulder beetles
  4 tengu warriors
  Amaemon (D:11)
  A swamp dragon (Swamp:1)
  2 goliath frogs
  A spectral anaconda (Lair:5)
  A lindwurm (Lair:2)
  3 deep elf pyromancers
  A bog body (Swamp:2)
  A spriggan druid (Swamp:2)
  Pikel (D:9)
  An obsidian statue (Lair:5)
  3 necromancers (Lair:5)
  12 ugly things
  3 manticores
  An oklob plant (D:11)
  A salamander (D:14)
  A wolf spider (D:14)
  A will-o-the-wisp (Swamp:2)
  4 cyclopes
  An eye of devastation (Lair:4)
  11 elephants
  6 black mambas
  A dire elephant zombie (Lair:5)
  Maurice (D:8)
  Joseph (D:10)
  An orange demon (D:11)
  A gargoyle (D:13)
  14 cane toads
  2 torpor snails
  A dire elephant skeleton (Lair:5)
  A cane toad (shapeshifter) (D:13)
  An unseen horror (shapeshifter) (D:15)
  7 komodo dragons
  16 rime drakes
  A komodo dragon (shapeshifter) (D:15)
  3 tengu conjurers
  3 trolls
  A hornet (Swamp:2)
  A merfolk (D:14)
  2 spectral elephants (Lair:5)
  Grinder (D:3)
  A polar bear (Lair:3)
  21 blink frogs
  2 dream sheep (Lair:3)
  6 slime creatures
  A spriggan (Swamp:2)
  Sigmund (D:2)
  11 wyverns
  A vampire (D:9)
  A dire elephant simulacrum (Lair:5)
  9 humans (D:14)
  6 basilisks
  44 yaks
  Grum (D:11)
  11 steam dragons
  A spectral cane toad (Lair:5)
  A death yak simulacrum (Lair:5)
  5 vampire mosquitoes
  Edmund (D:4)
  3 nagas (Lair:2)
  6 swamp worms
  3 acid dragons
  9 water moccasins
  A floating eye (Lair:4)
  3 orc warriors
  A swamp drake (D:12)
  3 black bears
  A sky beast (D:6)
  An ice beast (D:6)
  2 elephant zombies (Lair:5)
  6 centaurs
  An ogre (D:5)
  28 wolves
  A phantom (D:4)
  2 elephant skeletons (Lair:5)
  2 kobold brigands
  14 bullfrogs
  A necrophage (Swamp:1)
  2 scorpions
  An elephant simulacrum (Lair:5)
  7 killer bees
  An electric eel (Lair:5)
  8 howler monkeys
  3 orc priests
  2 hounds (D:7)
  3 jellies
  3 gnoll boudas
  7 iguanas
  10 orc wizards
  Terence (D:2)
  A hell rat (Lair:4)
  A boggart simulacrum (D:15)
  12 gnolls
  4 adders
  A shadow imp (D:5)
  A white imp (D:8)
  2 ufetubi (D:5)
  4 worms
  3 dart slugs
  32 orcs
  6 ball pythons
  6 bats
  5 endoplasms
  2 giant cockroaches (D:3)
  8 goblins
  6 hobgoblins
  5 jackals
  3 quokkas
  A frilled lizard (D:3)
  20 kobolds
  4 rats
551 creatures vanquished.

Vanquished Creatures (others)
  A rime drake (Lair:3)
  A water moccasin (Lair:3)
  A kobold (D:9)
3 creatures vanquished.

Grand Total: 554 creatures vanquished

Notes
Turn   | Place    | Note
-------+----------+-------------------------------------------
     0 | D:1      | senseless the Minotaur Fighter began the quest for the Orb.
     0 | D:1      | Reached XP level 1. HP: 19/19 MP: 0/0
   119 | D:1      | Reached XP level 2. HP: 27/27 MP: 1/1
   458 | D:2      | Noticed Terence
   461 | D:2      | Reached skill level 3 in Axes
   461 | D:2      | Reached XP level 3. HP: 30/33 MP: 2/2
   466 | D:2      | Killed Terence
   596 | D:2      | Reached XP level 4. HP: 40/40 MP: 3/3
   656 | D:2      | Noticed Sigmund
   668 | D:2      | Killed Sigmund
   669 | D:2      | Reached skill level 4 in Axes
   669 | D:2      | Reached skill level 5 in Armour
   669 | D:2      | Reached skill level 5 in Shields
   669 | D:2      | Reached XP level 5. HP: 33/47 MP: 4/4
   678 | D:2      | Reached skill level 5 in Fighting
  1159 | D:3      | Noticed Grinder
  1164 | D:3      | Killed Grinder
  1165 | D:3      | Reached XP level 6. HP: 27/56 MP: 5/5
  1950 | D:3      | Reached skill level 5 in Axes
  1950 | D:3      | Reached XP level 7. HP: 62/62 MP: 6/6
  2099 | D:3      | Identified a scroll of acquirement
  2099 | D:3      | Acquired a manual of Axes
  2140 | D:4      | Noticed Edmund
  2151 | D:4      | Killed Edmund
  2379 | D:4      | Found a blossoming altar of Fedhas.
  2392 | D:4      | You fall into a shaft and drop 2 floors!
  2407 | D:6      | Found a staircase to the Ecumenical Temple.
  2416 | Temple   | Entered the Ecumenical Temple
  2567 | D:5      | Entered Level 5 of the Dungeon
  2779 | D:6      | Reached skill level 6 in Axes
  3036 | D:5      | Reached XP level 8. HP: 57/71 MP: 7/7
  3142 | D:4      | Identified the +2 short sword of Fate {venom, Will- rCorr
                  | SInv}
  3205 | D:4      | Found a radiant altar of Vehumet.
  3404 | D:4      | Reached skill level 7 in Axes
  3444 | D:4      | Found a hide-covered altar of Uskayaw.
  4444 | D:6      | Found an ornate altar of the Wu Jian Council.
  4511 | D:6      | Found a broken altar of Ashenzari.
  4592 | D:6      | Reached skill level 8 in Axes
  4593 | D:6      | Acquired the ring of Siudag {Wiz rPois rN+ Slay+2 Stlth+}
  4788 | D:7      | Identified the +0 short sword "Jiret" {venom, Will+ rCorr
                  | Str+3}
  4945 | D:7      | Found Meuchor's Jewellery Boutique.
  4996 | D:7      | Identified the +6 dagger "Loezeoq" {distort, rPois rN+}
  5007 | D:7      | Reached skill level 9 in Axes
  5014 | D:7      | Reached XP level 9. HP: 74/81 MP: 8/8
  5170 | D:7      | Noticed a troll
  5183 | D:7      | Killed a troll
  5314 | D:7      | Found a bloodstained altar of Trog.
  5381 | D:7      | Found a sparkling altar of Nemelex Xobeh.
  5381 | D:7      | Found a white marble altar of Elyvilon.
  5581 | D:7      | Gained mutation: You have a pair of large horns on your
                  | head. [potion of mutation]
  5596 | D:8      | Reached skill level 10 in Axes
  5754 | D:8      | Noticed Maurice
  5768 | D:8      | Killed Maurice
  5825 | D:8      | Found an iron altar of Okawaru.
  5914 | D:8      | Found a snail-covered altar of Cheibriados.
  6163 | D:8      | Found Fuigg's Lightly-Used Armoury.
  6234 | D:8      | Reached skill level 11 in Axes
  6358 | D:8      | Found a shimmering blue altar of Sif Muna.
  6543 | D:9      | Noticed Pikel
  6559 | D:9      | Killed Pikel
  6560 | D:9      | Reached XP level 10. HP: 91/91 MP: 9/9
  6693 | D:9      | Found a shadowy altar of Dithmenos.
  6695 | D:9      | Found a hazy altar of Hepliaklqana.
  6890 | D:9      | Identified the +3 leather armour "Notsetag" {rC+ Will++
                  | Stlth+}
  7143 | D:9      | Reached skill level 12 in Axes
  7510 | D:10     | Entered Level 10 of the Dungeon
  7520 | D:10     | Noticed Joseph
  7529 | D:10     | Killed Joseph
  7530 | D:10     | Reached skill level 10 in Fighting
  7530 | D:10     | Reached skill level 10 in Armour
  7530 | D:10     | Reached skill level 10 in Shields
  7650 | D:10     | Found a glowing golden altar of the Shining One.
  7674 | D:10     | Became a worshipper of the Shining One
  7811 | D:10     | Reached skill level 13 in Axes
  7822 | D:10     | Found a runed translucent gate.
  7822 | D:10     | Found a runed translucent gate.
  7822 | D:10     | Found a runed translucent gate.
  7823 | D:10     | Noticed MrClown's ghost (journeyman DsNe)
  7853 | D:10     | Noticed Erica
  7871 | D:10     | Killed Erica
  8487 | D:11     | Noticed a cyclops
  8495 | D:11     | Killed a cyclops
  8596 | D:11     | Noticed Grum
  8602 | D:11     | Found a staircase to the Lair.
  8602 | D:11     | Noticed an oklob plant
  8617 | D:11     | Killed Grum
  8623 | D:11     | Reached XP level 11. HP: 78/101 MP: 10/10
  8994 | D:11     | Reached skill level 14 in Axes
  9323 | D:11     | Noticed a two-headed ogre
  9331 | D:11     | Killed a two-headed ogre
  9683 | D:11     | Noticed Snorg
  9686 | D:11     | Noticed Amaemon
  9702 | D:11     | HP: 3/102 [Snorg (18)]
 10098 | D:11     | Killed Amaemon
 10098 | D:11     | Reached * piety under the Shining One
 10522 | D:11     | Killed an oklob plant
 10628 | D:12     | Noticed a deep elf pyromancer
 10634 | D:12     | Killed a deep elf pyromancer
 10635 | D:12     | Reached skill level 15 in Axes
 11045 | D:12     | Noticed a boulder beetle
 11065 | D:12     | Killed a boulder beetle
 11251 | D:12     | Noticed a green ugly thing
 11262 | D:12     | Killed a green ugly thing
 11319 | D:12     | Noticed a boulder beetle
 11352 | D:12     | Killed a boulder beetle
 11353 | D:12     | Reached XP level 12. HP: 91/113 MP: 11/11
 11536 | D:12     | Noticed a boulder beetle
 11557 | D:12     | Killed a boulder beetle
 11558 | D:12     | Reached skill level 16 in Axes
 11815 | D:12     | Found a staircase to the Orcish Mines.
 11947 | D:13     | Found Caylih's Magic Scroll Emporium.
 11960 | D:13     | Bought a scroll of identify for 30 gold pieces
 11960 | D:13     | Bought a scroll of identify for 30 gold pieces
 11960 | D:13     | Bought a scroll of identify for 30 gold pieces
 11960 | D:13     | Bought a scroll of enchant armour for 112 gold pieces
 11996 | D:13     | Noticed an entropy weaver
 12006 | D:13     | Killed an entropy weaver
 12348 | D:13     | Reached ** piety under the Shining One
 12408 | D:13     | Noticed a boulder beetle
 12422 | D:13     | Killed a boulder beetle
 12621 | D:13     | Noticed a tengu warrior
 12628 | D:13     | Killed a tengu warrior
 12833 | D:14     | Reached skill level 17 in Axes
 12928 | D:14     | Noticed a boulder beetle
 12943 | D:14     | Killed a boulder beetle
 13183 | D:14     | Noticed a tengu warrior
 13195 | D:14     | Killed a tengu warrior
 13741 | D:14     | Noticed a vault guard
 13741 | D:14     | Noticed a vault guard
 13759 | D:14     | Killed a vault guard
 13767 | D:14     | Killed a vault guard
 13777 | D:14     | Reached XP level 13. HP: 110/123 MP: 12/12
 13795 | D:14     | Found a gate to the Vaults.
 13938 | D:15     | Entered Level 15 of the Dungeon
 13946 | D:15     | Found a staircase to the Depths.
 13951 | D:15     | a radroach changed into a fire dragon
 13951 | D:15     | Noticed a fire dragon (glowing shapeshifter)
 13963 | D:15     | HP: 6/123 [wolf spider (17)]
 14258 | D:15     | Noticed a broodmother
 14258 | D:15     | a broodmother changed into a quicksilver ooze
 14258 | D:15     | Noticed a quicksilver ooze (glowing shapeshifter)
 14332 | D:14     | a death yak changed into a ghost moth
 14332 | D:14     | Noticed a ghost moth (glowing shapeshifter)
 14337 | D:14     | a ghost moth changed into an ice dragon
 14339 | D:14     | a slime creature changed into a fire dragon
 14339 | D:14     | Noticed a fire dragon (glowing shapeshifter)
 14345 | D:14     | a fire dragon changed into an ettin
 14345 | D:14     | Noticed an ettin (glowing shapeshifter)
 14350 | D:14     | Killed an ettin
 14784 | D:15     | Reached *** piety under the Shining One
 14804 | D:15     | Reached skill level 18 in Axes
 14974 | D:15     | Noticed Jorgrun
 14984 | D:15     | Killed Jorgrun
 15524 | Lair:1   | Entered Level 1 of the Lair of Beasts
 15752 | Lair:1   | Identified the +9 rapier of the Spinneret {heavy, *Slow
                  | rC+++ Will++}
 16624 | Lair:2   | Reached skill level 15 in Shields
 16627 | Lair:2   | Reached skill level 15 in Fighting
 16627 | Lair:2   | Reached skill level 15 in Armour
 16750 | Lair:2   | Reached XP level 14. HP: 95/135 MP: 13/13
 16957 | Lair:2   | Reached **** piety under the Shining One
 17061 | Lair:2   | Found a staircase to the Swamp.
 17569 | Lair:2   | Found a staircase to the Snake Pit.
 18030 | Lair:3   | Reached skill level 1 in Invocations
 18074 | Lair:3   | Reached skill level 19 in Axes
 18384 | Lair:3   | Identified the +10 falchion of Contention {vamp, rPois
                  | Will+ Dex-4}
 19444 | Lair:4   | Found a staircase to the Slime Pits.
 20652 | Lair:5   | Entered Level 5 of the Lair of Beasts
 21023 | Lair:5   | Reached ***** piety under the Shining One
 21328 | Lair:5   | Identified the +8 battleaxe of the Sage {flame, rF+ Will-
                  | Int+4 SInv}
 21582 | Lair:5   | Reached XP level 15. HP: 144/144 MP: 17/17
 21934 | Lair:5   | Identified the +1 leather armour of the Vacuum {rElec Will-
                  | SInv}
 21960 | Lair:5   | Reached skill level 5 in Invocations
 22531 | Swamp:1  | Entered Level 1 of the Swamp
 23118 | Swamp:1  | Reached skill level 20 in Axes
 23629 | Swamp:2  | HP: 2/147 [bunyip[a spriggan druid] (23)]
 23632 | Swamp:2  | Slain by a bunyip

Illustrated notes

Levels and vault maps discovered:
D:1:      minmay_arrival_solitary_statue, layout_rooms, nicolae_the_louvre
D:2:      layout_rooms, patterned_corridor, uniq_sigmund, uniq_terence
D:3:      minmay_chambers_of_twos, layout_loops_ring, kennysheep_donut,
          chequers_serial_rivers_room_b, grunt_ministairs_5, uniq_grinder
D:4:      layout_layer_cave, mainiacjoe_overflow_brackets,
          mainiacjoe_overflow_24_doors, fiery_altar_vehumet,
          hangedman_decor_slide_cut, uniq_edmund
D:5:      layout_basic
D:6:      layout_cave_pools, nzn_wu_jian_council_hall, evilmike_ruin_ashenzari,
          minmay_temple_entry_waves
D:7:      layout_cave_pools, mainiacjoe_overflow_tiny_flanked,
          mainiacjoe_overflow_divided_tiny, serial_shops, shop,
          minmay_misc_feat_encased, grunt_ministairs_13,
          nicolae_elevator_lobby_asterisk
D:8:      layout_loops_ring, mainiacjoe_overflow_small_starburst,
          okawaru_gym_becter, marbit_many_paths, minmay_shop_damaged,
          uniq_maurice
D:9:      layout_long_grid, riverfiend_overflow_shadow_ancestor,
          small_statue_intersection, minivault_5, uniq_pikel
D:10:     layout_basic, lemuel_crystal_altar, ebering_ghost_rock_garden,
          uniq_joseph, uniq_erica
D:11:     layout_grid_maze, dpeg_oklobed_lair, gauntlet_entry_generic,
          uniq_grum, uniq_amaemon, uniq_snorg
D:12:     layout_big_octagon, erik_orc_1, corexii_hall_statues_l
D:13:     layout_roguey, serial_shops, shop
D:14:     layout_roguey, ximxim_vaults_locker_room, hangedman_glass_teeth
D:15:     hangedman_depths_entry_try_elsewhere_first, layout_loops_cross,
          lemuel_old_faithful, uniq_jorgrun
Temple:   hellmonk_temple_beads
Lair:1:   layout_chaotic_city, guppyfry_lair_drakes
Lair:2:   layout_cave_shapes, minmay_swamp_entry_reptiles,
          minmay_snake_entry_guardpost_medium, grunt_megastairs_1
Lair:3:   layout_roguey, bobbens_dragon_lair_wall
Lair:4:   layout_regular_city, minmay_slime_entry_eyes, beast_lair_carwin_8
Lair:5:   due_jungle_book, layout_long_grid, serial_bayou_shore_a
Swamp:1:  layout_basic_swamp, hangedman_swamp_ruin_wall, swamp_pool1
Swamp:2:  layout_basic_swamp, serial_swamp_ruin, evilmike_swamp_ruin_house_6,
          hangedman_swamp_ruin_hall, swamp_pool1, hangedman_swamp_diagram,
          hangedman_swamp_grove

Skill      XL: |  1  2  3  4  5  6  7  8  9 10 11 12 13 14 15 |
---------------+----------------------------------------------+-----
Fighting       | 4 5 6 7 9 10 12 13 15 16 17 | 17.1
Axes           | 3 4 5 6 9 11 13 15 17 18 19 20 | 20.2
Armour         | 4 5 6 7 9 10 12 13 15 16 17 | 17.1
Shields        | 4 5 6 7 9 10 12 13 15 16 | 16.1
Invocations    | 4 6 |  6.6

Action                     |  1- 3 |  4- 6 |  7- 9 | 10-12 | 13-15 || total
---------------------------+-------+-------+-------+-------+-------++-------
  Melee: War axe           |    46 |    54 |    10 |       |       ||   110
         Headbutt          |     4 |    13 |    37 |   131 |   264 ||   449
         Flail             |       |       |   216 |   478 |   701 ||  1395
         Battleaxe         |       |       |       |       |   179 ||   179
  Throw: Throwing net      |       |       |     1 |       |       ||     1
 Invoke: Divine Shield     |       |       |       |     1 |       ||     1
    Use: Potion            |       |     1 |     1 |     1 |     3 ||     6
         Scroll            |       |       |    14 |    12 |    11 ||    37
   Stab: Sleeping          |       |       |     1 |       |       ||     1
 Armour: Scale mail        |    29 |    16 |     2 |       |       ||    47
         Ring mail         |       |       |   110 |   243 |     2 ||   355
         Plate armour      |       |       |       |       |   510 ||   510
  Dodge: Dodged            |    17 |    18 |   110 |   204 |   249 ||   598
  Block: Buckler           |    13 |    12 |    67 |   184 |   324 ||   600
         Other             |       |       |       |       |    12 ||    12

Table legend: (Time is in decaauts)
 A = Elapsed time spent in this place.
 B = Non-inter-level travel time spent in this place.
 C = Inter-level travel time spent in this place.
 D = Time resting spent in this place.
 E = Time spent auto-exploring this place.
 F = Levels seen in this place.
 G = Mean time per level.
                   A        B        C        D        E       F      G
               +--------+--------+--------+--------+--------+-----+--------+
         Total |  23559 |  22664 |    895 |   1250 |  18097 |  23 | 1024.3 |
       Dungeon |  15413 |  14743 |    670 |    775 |  11838 |  15 | 1027.5 |
        Temple |    138 |    126 |     12 |      0 |     90 |   1 |  138.0 |
          Lair |   6895 |   6697 |    198 |    472 |   5215 |   5 | 1379.0 |
         Swamp |   1111 |   1097 |     14 |      3 |    952 |   2 |  555.5 |
               +--------+--------+--------+--------+--------+-----+--------+

Top non-repeatable levels by time:
    D:11: 2341 daAuts
  Lair:5: 1803 daAuts
    D:14: 1620 daAuts
  Lair:4: 1567 daAuts
  Lair:2: 1265 daAuts
  Lair:3: 1186 daAuts
     D:4: 1163 daAuts
    D:12: 1142 daAuts
     D:3: 1081 daAuts
  Lair:1: 1072 daAuts
 Swamp:1: 1034 daAuts
    D:15: 1017 daAuts
     D:9: 1002 daAuts
    D:10: 962 daAuts
     D:8: 928 daAuts
